 Dungeon Crawl Stone Soup version 0.30.1-11-g7821555f0a (webtiles) character file.

Game seed: 3110041690418078612

103506 Nimbul the Cutthroat (level 16, -3/107 (108) HPs)
             Began as a Kobold Earth Elementalist on Dec 27, 2023.
             Was the Champion of Wu Jian.
             Slain by a +3 morningstar of freezing (14 damage)
             ... on level 2 of the Elven Halls on Dec 28, 2023.
             The game lasted 03:08:36 (36256 turns).

Nimbul the Cutthroat (Kobold Earth Elementalist)   Turns: 36256, Time: 03:08:36

HP:   -3/107 (108)  AC: 15    Str:  9    XL:     16   Next: 89%
MP:   23/26         EV: 26    Int: 26    God:    Wu Jian [******]
Gold: 879           SH:  7    Dex: 27    Spells: 4/29 levels left

rFire   . . .        r - +6 rapier (drain)
rCold   . . .        W - +0 buckler
rNeg    + . .        b - +0 acid dragon scales
rPois   +            n - +0 helmet
rElec   .            U - +1 cloak {rPois}
rCorr   +            J - +1 pair of gloves
SInv    .            i - +1 pair of boots
Will    ++...        c - amulet of the acrobat
Stlth   +++++        h - ring "Ceij" {Fly Str+2 Int+6 Dex+2}
HPRegen 0.37/turn    L - ring of the Morning {rN+ Will+ Int+4 Dex+3}
MPRegen 0.20/turn

%: acrobat
@: exhausted, flying, lightly drained
A: small, no large weapons, nightstalker 3
a: Renounce Religion, Wall Jump, Serpent's Lash, Heavenly Storm


You were on level 2 of the Elven Halls.
You worshipped Wu Jian.
Wu Jian was exalted by your worship.
You visited 5 branches of the dungeon, and saw 25 of its levels.
You also visited: Gauntlet.

You collected 2610 gold pieces.
You spent 1731 gold pieces at shops.

Inventory:

Hand Weapons
 d - a +2 dagger of protection
 f - a +2 dagger of flaming
 l - a +7 dagger
 p - a +1 dagger of venom
 r - a +6 rapier of draining (weapon)
 v - a +1 vampiric dagger
Missiles
 j - 45 poisoned darts
 q - 14 boomerangs
 u - 10 curare-tipped darts {!f}
 G - 3 throwing nets {!f}
Armour
 b - +0 acid dragon scales (worn)
 i - a +1 pair of boots (worn)
 n - a +0 helmet (worn)
 J - a +1 pair of gloves (worn)
 U - a +1 cloak of poison resistance (worn)
 V - a +2 robe of fire resistance
 W - a +0 buckler (worn)
Magical Staves
 D - the staff of poison "Putwel" {rPois Str+3 Int+3 SInv}
   (You found it in a Gauntlet)

   [staff of poison]

   Base accuracy: +5 Base damage: 5 Base attack delay: 1.2 This weapon's minimum
   attack delay (0.6) is reached at skill level 12.
   Str:       It affects your strength (+3).
   Int:       It affects your intelligence (+3).
   rPois:     It protects you from poison.
   SInv:      It lets you see invisible.
   It falls into the 'Staves' category.
   It is a two-handed weapon.
Jewellery
 c - an amulet of the acrobat (around neck)
 h - the ring "Ceij" (left hand) {Fly Str+2 Int+6 Dex+2}
   (You found it on level 2 of the Lair of Beasts)

   [ring of intelligence]

   Str:       It affects your strength (+2).
   Int:       It affects your intelligence (+6).
   Dex:       It affects your dexterity (+2).
   Fly:       It grants you flight.
 K - a ring of protection from cold
 L - the ring of the Morning (right hand) {rN+ Will+ Int+4 Dex+3}
   (You found it in a Gauntlet)

   [ring of willpower]

   Int:       It affects your intelligence (+4).
   Dex:       It affects your dexterity (+3).
   rN:        It protects you from negative energy.
   Will:      It increases your willpower.
Wands
 e - a wand of flame (50)
 y - a wand of polymorph (10)
 M - a wand of mindburst (22)
 P - a wand of paralysis (22)
 R - a wand of roots (25)
Scrolls
 g - 8 scrolls of teleportation
 o - 2 scrolls of fear
 t - 2 scrolls of poison
 x - 6 scrolls of blinking
 z - 3 scrolls of fog
 E - 3 scrolls of vulnerability
 F - 9 scrolls of identify
 O - 2 scrolls of immolation
Potions
 a - 5 potions of heal wounds
 k - 2 potions of brilliance
 m - 7 potions of curing
 s - a potion of ambrosia
 w - 7 potions of haste
 A - 2 potions of flight
 I - a potion of might
 N - 2 potions of magic
 S - a potion of attraction
 T - 5 potions of cancellation
Miscellaneous
 B - a box of beasts
 C - a condenser vane
 H - a lightning rod (4/4)


   Skills:
 - Level 15.0 Fighting
 - Level 22.2 Short Blades
 - Level 1.0 Throwing
 - Level 6.0 Armour
 - Level 13.2 Dodging
 - Level 7.0 Stealth
 - Level 6.0 Shields
 - Level 7.0 Spellcasting
 - Level 3.0 Conjurations
 - Level 1.0 Hexes
 - Level 7.0 Transmutations
 + Level 9.9 Earth Magic
 - Level 1.0 Poison Magic
 - Level 4.0 Evocations


You had 4 spell levels left.
You knew the following spells:

 Your Spells              Type           Power      Damage    Failure   Level
a - Sandblast             Erth           100%       2d20      1%          1
p - Petrify               Tmut/Erth      52%        N/A       4%          4
q - Leda's Liquefaction   Hex/Erth       18%        N/A       16%         4
r - Lee's Rapid Deconstr  Erth           28%        3d15*     7%          5
s - Stone Arrow           Conj/Erth      84%        3d12      3%          3
P - Passwall              Tmut/Erth      43%        N/A       1%          2
S - Statue Form           Tmut/Erth      34%        N/A       56%         6

Your spell library contained the following spells:

 Spells                   Type           Power      Damage    Failure   Level
 Shock                    Conj/Air       64%        1d7       8%          1
 Spider Form              Tmut/Pois      29%        N/A       9%          3
 Necrotise                Necr           36%        1d5       14%         1
 Ensorcelled Hibernation  Hex/Ice        22%        N/A       17%         2
 Animate Armour           Summ/Erth      68%        N/A       19%         4
 Scorch                   Fire           18%        2d5       22%         2
 Inner Flame              Hex/Fire       11%        N/A       34%         3
 Swiftness                Air            9%         N/A       38%         3
 Vampiric Draining        Necr           9%         2d6       38%         3
 Flame Wave               Conj/Fire      16%        2d7       58%         4
 Sticky Flame             Conj/Fire      16%        2d4       58%         4
 Anguish                  Hex/Necr       5%         N/A       75%         4
 Airstrike                Air            4%         2d(1-17)  80%         4
 Blade Hands              Tmut           22%        N/A       22%         5
 Yara's Violent Unravell  Hex/Tmut       14%        3d7       58%         5
 Iskenderun's Battlesphe  Conj           24%        2d8       75%         5
 Iron Shot                Conj/Erth      21%        9d5       83%         6
 Fireball                 Conj/Fire      8%         3d6       91%         5
 Agony                    Necr           9%         N/A       98%         5
 Conjure Ball Lightning   Conj/Air       8%         3x3d6     100%        6
 Summon Cactus Giant      Summ           4%         N/A       100%        6
 Enfeeble                 Hex            7%         N/A       100%        7
 Orb of Destruction       Conj           12%        9d7       100%        7
 Discord                  Hex            7%         N/A       100%        8
 Disjunction              Tloc           4%         N/A       100%        8


Dungeon Overview and Level Annotations

Branches:
Dungeon (15/15)            Temple (1/1) D:4            Lair (5/5) D:11
 Shoals (0/4) Lair:2       Spider (0/4) Lair:2        Slime (0/5) Lair:4
    Orc (2/2) D:10            Elf (2/3) Orc:2        Vaults (0/5) D:13
 Depths (0/4) D:15        Gauntlet (visited)

Altars:
Ashenzari
Cheibriados
Dithmenos
Fedhas
Gozag
Hepliaklqana
Kikubaaqudgha
Makhleb
Nemelex Xobeh
Qazlal
Ru
Sif Muna
Trog
Vehumet
Wu Jian
Xom
Yredelemnul
Zin
The Shining One
Jiyva

Shops:
D:9 =   Orc:2 [*(:   Elf:1 ?

Annotations:
Lair:3 2 transporters, Fytoqad's ghost, journeyman FoEE
Elf:2 unf


Innate Abilities, Weirdness & Mutations

You are small and have problems with some larger weapons.
You are completely attuned to the shadows.


Message History

Aiming: Wall Jump
Press: ? - help, Dir - move target
Okay, then.
Unknown command.
Your muscles tense, ready for explosive movement...
Aiming: Wall Jump
Press: ? - help, Dir - move target
Found 5 stones.
You repeatedly attack the deep elf archer from above, with incredible momentum.
You impale the deep elf archer!!
The deep elf archer is almost dead.
You puncture the deep elf archer!
You blow up the deep elf archer!
The Council accepts your kill.
You repeatedly attack the ghostly deep elf death mage from above, with incredible momentum.
You impale the ghostly deep elf death mage!!
The ghostly deep elf death mage is severely damaged.
You puncture the ghostly deep elf death mage!
The ghostly deep elf death mage is almost destroyed.
You puncture the ghostly deep elf death mage!
You blow up the ghostly deep elf death mage!
The Council accepts your kill.
Your supernatural speed expires.
Casting: Petrify (dangerous; 4% risk of failure)
Confirm with . or Enter, or press ? or * to list all spells.
Aiming: Stone Arrow (mildly dangerous; 3% risk of failure)
Press: ? - help, Shift-Dir - straight line, f - +3 morningstar of freezing
Aim: a +3 morningstar of freezing (51% to hit)
The stone arrow hits the +3 morningstar of freezing!
The +3 morningstar of freezing is moderately damaged.
Okay, then.
You feel much better.
The +3 morningstar of freezing hits you!!
* * * LOW HITPOINT WARNING * * *
The +3 morningstar of freezing freezes you.
* * * LOW HITPOINT WARNING * * *
You miss the +3 morningstar of freezing.
The +3 morningstar of freezing is moderately damaged.
The +3 morningstar of freezing hits you!
You die...

*,** *,*,,,*****.##......#*,,*,
,,,*****,*,,,,,,,,,........#*,*,,
,,,,,,,,,,,,,,,,,***#......#**,,,
,,,*****,*,,,****####......# *,,,
,,,,,,,,,,,,,,,,,....)†....#**,,,
,,,****,,,**#########.#....#*,*,,
,,,**,,,,,,,......○.)......#*,,*,
,,,,,,,,,,,,.....)..#####.##*,,,*
*,*****<,,***#.°@(### #.# **,,,
*** ***** #......# #.# **,,
#.(....# #.# **, #......#*####.##
** #......(,......######
*,,,,,,**######......
*,,,,,,,,,,..........
*,,,,,,****#########. **,,,,** #.


You could see a +3 morningstar of freezing.

Vanquished Creatures
  2 deep elf sorcerers
  An orc warlord (Orc:1)
  A deep elf demonologist (Elf:1)
  A minotaur (Gauntlet)
  The ghost of DankSpanker the Fencer, a journeyman DsBe of Trog (Orc:2)
  A dire elephant (Gauntlet)
  A deep elf death mage (Elf:2)
  A fire dragon (D:14)
  A vault guard (D:13)
  A deep elf high priest (Orc:2)
  4 hydras
  2 ogre magi (D:15)
  A catoblepas (D:14)
  A merfolk avatar (Lair:5)
  A death knight (D:13)
  5 centaur warriors
  10 two-headed ogres
  6 dancing weapons (Elf:2)
  A boulder beetle (D:13)
  6 death yaks
  3 tengu warriors
  2 orc high priests (Orc:2)
  Sonja (D:12)
  5 deep elf knights
  A skyshark (Lair:3)
  A sea snake (Lair:5)
  A glowing orange brain (D:15)
  Pikel (D:4)
  3 deep elf archers
  A harpy (Lair:5)
  6 deep elf zephyrmancers
  9 deep elf pyromancers
  A wolf spider (D:15)
  5 orc knights
  4 orc sorcerers
  5 cyclopes
  10 ugly things
  A cyclops (shapeshifter) (Orc:2)
  12 elephants
  3 manticores
  5 black mambas
  A gargoyle (D:13)
  8 cane toads
  Joseph (D:8)
  Maggie (D:6)
  6 komodo dragons
  An unseen horror (D:12)
  A freezing wraith (D:14)
  A kobold demonologist (D:13)
  2 rime drakes (Lair:5)
  4 yaktaurs (D:15)
  2 polar bears (Lair:5)
  7 trolls
  A hornet (D:10)
  A queen bee (shapeshifter) (D:15)
  7 blink frogs
  Grinder (D:3)
  A flying skull (Gauntlet)
  14 slime creatures
  4 shadows
  An air elemental (Orc:2)
  6 wyverns
  A vampire (D:10)
  42 yaks
  A water elemental (Elf:1)
  6 basilisks
  9 humans (D:13)
  4 steam dragons
  7 vampire mosquitoes
  3 wargs
  2 acid dragons
  Edmund (D:4)
  23 water moccasins
  3 sky beasts
  2 ice beasts (D:5)
  3 black bears (D:5)
  37 orc warriors
  14 ogres
  3 wolves (Lair:3)
  13 centaurs
  3 lemures (D:4)
  7 kobold brigands
  A phantom (D:5)
  2 gnoll sergeants
  13 bullfrogs
  4 scorpions
  4 wights (D:8)
  26 killer bees
  3 troll zombies (D:10)
  An electric eel (Lair:5)
  7 howler monkeys
  2 hounds
  4 jellies
  22 orc priests
  A sleepcap (D:6)
  A gnoll bouda (D:4)
  4 iguanas
  Terence (D:2)
  5 hell rats (Lair:1)
  32 orc wizards
  Ijyb (D:3)
  Natasha (thrice) (D:2)
  5 ogre zombies (D:10)
  9 gnolls
  14 adders
  4 shadow imps
  3 white imps
  4 worms
  4 dart slugs
  84 orcs
  6 endoplasms
  6 giant cockroaches
  4 goblins
  7 hobgoblins
  5 jackals
  2 quokkas
  10 ball pythons
  4 bats
  A frilled lizard (D:2)
  A goblin skeleton (D:10)
  2 goblin zombies (D:10)
  5 hobgoblin zombies (D:10)
  32 kobolds
  3 orc skeletons (D:10)
  14 orc zombies (D:10)
  5 rats
754 creatures vanquished.

Vanquished Creatures (others)
  A vault guard (D:13)
  A human (D:13)
  A golden eye (shapeshifter) (D:15)
  An orc priest (Orc:1)
  3 orc wizards
7 creatures vanquished.

Grand Total: 761 creatures vanquished

Notes
Turn   | Place    | Note
-------+----------+-------------------------------------------
     0 | D:1      | Nimbul the Kobold Earth Elementalist began the quest for
                  | the Orb.
     0 | D:1      | Reached XP level 1. HP: 10/10 MP: 3/3
   281 | D:1      | Reached skill level 1 in Short Blades
   326 | D:1      | Reached XP level 2. HP: 16/16 MP: 3/5
   329 | D:1      | Learned a level 2 spell: Passwall
   395 | D:1      | Reached skill level 1 in Fighting
   700 | D:1      | Reached XP level 3. HP: 20/20 MP: 3/6
   768 | D:1      | Reached skill level 2 in Short Blades
   773 | D:1      | Learned a level 3 spell: Stone Arrow
  1182 | D:2      | Noticed Natasha
  1311 | D:2      | Killed Natasha
  1312 | D:2      | Reached XP level 4. HP: 27/27 MP: 7/7
  1415 | D:2      | Noticed Terence
  1419 | D:2      | Killed Terence
  1420 | D:2      | Reached skill level 1 in Conjurations
  1648 | D:2      | Reached XP level 5. HP: 32/32 MP: 1/8
  1996 | D:2      | Noticed Natasha
  2007 | D:2      | Killed Natasha
  2008 | D:2      | Reached skill level 3 in Short Blades
  2047 | D:2      | Noticed Natasha
  2049 | D:2      | Killed Natasha
  2538 | D:3      | Reached XP level 6. HP: 38/38 MP: 5/9
  2602 | D:3      | Noticed Ijyb
  2609 | D:3      | Killed Ijyb
  3371 | D:3      | Noticed Grinder
  3383 | D:3      | Killed Grinder
  3384 | D:3      | Reached skill level 4 in Short Blades
  3384 | D:3      | Reached XP level 7. HP: 27/44 MP: 4/10
  3535 | D:3      | Learned a level 4 spell: Petrify
  3661 | D:4      | Found a staircase to the Ecumenical Temple.
  3670 | Temple   | Entered the Ecumenical Temple
  3694 | Temple   | Became a worshipper of the Wu Jian Council
  4300 | D:4      | Noticed Edmund
  4310 | D:4      | Killed Edmund
  4372 | D:4      | Reached skill level 5 in Short Blades
  4569 | D:4      | Reached skill level 5 in Fighting
  4594 | D:4      | Reached skill level 5 in Dodging
  4686 | D:4      | Reached XP level 8. HP: 48/49 MP: 8/11
  4821 | D:4      | Found a sacrificial altar of Ru.
  4978 | D:4      | Noticed Pikel
  5060 | D:4      | Killed Pikel
  5061 | D:4      | Reached skill level 6 in Short Blades
  5229 | D:5      | Entered Level 5 of the Dungeon
  5246 | D:5      | Found a snail-covered altar of Cheibriados.
  5616 | D:5      | Reached skill level 1 in Throwing
  5616 | D:5      | Reached XP level 9. HP: 51/57 MP: 10/12
  6054 | D:5      | Found a transporter.
  6077 | D:5      | Found a transporter.
  6259 | D:5      | Reached skill level 7 in Short Blades
  6665 | D:5      | Reached * piety under Wu Jian
  6961 | D:6      | Found a shadowy altar of Dithmenos.
  7042 | D:6      | Noticed Maggie
  7051 | D:6      | Killed Maggie
  7471 | D:6      | Found a glowing golden altar of the Shining One.
  7703 | D:6      | Found a broken altar of Ashenzari.
  7785 | D:7      | Reached XP level 10. HP: 65/65 MP: 9/14
  7786 | D:7      | Reached skill level 8 in Short Blades
  8863 | D:7      | Learned a level 3 spell: Spider Form
  9089 | D:8      | Reached skill level 9 in Short Blades
  9139 | D:8      | Noticed Joseph
  9150 | D:8      | Reached ** piety under Wu Jian
  9159 | D:8      | Killed Joseph
  9160 | D:8      | Reached skill level 1 in Evocations
  9595 | D:8      | Reached skill level 1 in Poison Magic
  9635 | D:8      | Identified the +2 robe "Wyjusm" {rC- rCorr Int+3}
  9870 | D:8      | Reached skill level 1 in Armour
 10079 | D:8      | Paralysed by a centaur for 3 turns
 10088 | D:8      | Paralysed by a centaur for 5 turns
 10096 | D:8      | Reached XP level 11. HP: 65/72 MP: 10/17
 10304 | D:8      | Reached skill level 10 in Fighting
 10874 | D:9      | Found a hazy altar of Hepliaklqana.
 11058 | D:9      | Found Mirr's One-of-a-Kind Rings.
 11354 | D:9      | Noticed a two-headed ogre
 11364 | D:9      | Killed a two-headed ogre
 11541 | D:9      | Reached skill level 10 in Short Blades
 11613 | D:9      | Reached *** piety under Wu Jian
 11614 | D:9      | Reached skill level 10 in Dodging
 11824 | D:9      | Noticed a green ugly thing
 11875 | D:9      | Killed a green ugly thing
 12187 | D:10     | Entered Level 10 of the Dungeon
 12240 | D:10     | Found a blossoming altar of Fedhas.
 12256 | D:10     | Found a stormy altar of Qazlal.
 12680 | D:10     | Found a staircase to the Orcish Mines.
 13249 | D:10     | Reached **** piety under Wu Jian
 13483 | D:10     | Found a glowing silver altar of Zin.
 13483 | D:10     | Noticed an angel
 13500 | D:10     | Found a basalt altar of Yredelemnul.
 13996 | D:10     | Found a shimmering blue altar of Sif Muna.
 14091 | D:11     | Noticed a cyclops
 14112 | D:11     | Killed a cyclops
 14571 | D:11     | Reached skill level 11 in Short Blades
 14896 | D:11     | Found a staircase to the Lair.
 14912 | D:11     | Identified the +0 ring mail of Puoriuga {Fly Int+2}
 15000 | D:11     | Reached skill level 5 in Earth Magic
 15000 | D:11     | Reached XP level 12. HP: 80/80 MP: 15/18
 15267 | D:11     | Noticed a two-headed ogre
 15274 | D:11     | Killed a two-headed ogre
 15921 | D:12     | Noticed a two-headed ogre
 16024 | D:12     | Killed a two-headed ogre
 16123 | D:12     | You fall into a shaft and drop 3 floors!
 16123 | D:15     | Entered Level 15 of the Dungeon
 16371 | D:14     | Identified the +6 halberd of the Snake Pit {freeze, rPois}
 16449 | D:12     | Noticed Sonja
 16497 | D:12     | Reached skill level 5 in Transmutations
 16721 | D:12     | Reached skill level 12 in Short Blades
 17143 | D:12     | Reached skill level 5 in Stealth
 17790 | D:13     | Noticed a two-headed ogre
 18062 | D:13     | Killed a vault guard
 18117 | D:13     | Noticed a centaur warrior
 18222 | D:13     | Identified the +3 quarterstaff "Vaerph" {drain, rN+}
 18262 | D:13     | Noticed a death knight
 18295 | D:13     | Killed a two-headed ogre
 18518 | D:13     | Noticed a boulder beetle
 18528 | D:13     | Killed a boulder beetle
 18571 | D:13     | Noticed a two-headed ogre
 18572 | D:13     | Killed a two-headed ogre
 19165 | D:13     | Reached XP level 13. HP: 77/86 MP: 11/19
 19380 | D:13     | Killed a centaur warrior
 19571 | Orc:1    | Entered Level 1 of the Orcish Mines
 19717 | Orc:2    | Entered Level 2 of the Orcish Mines
 19717 | Orc:2    | Found a gate leading to a gauntlet.
 19723 | Gauntlet | Entered a Gauntlet
 19723 | Gauntlet | Found a transporter.
 19728 | Gauntlet | Found a runed translucent door.
 19737 | Gauntlet | Found a transporter.
 19750 | Gauntlet | Found a transporter.
 19771 | Gauntlet | Found a transporter.
 19778 | Gauntlet | Found a transporter.
 19788 | Gauntlet | Found a transporter.
 19788 | Gauntlet | Noticed a dire elephant
 19798 | Gauntlet | Found a transporter.
 19819 | Gauntlet | Found a transporter.
 19836 | Gauntlet | Found a transporter.
 19844 | Gauntlet | Found a runed translucent door.
 19913 | Gauntlet | Found a transporter.
 19948 | Gauntlet | Found a transporter.
 19958 | Gauntlet | Found a transporter.
 19967 | Gauntlet | Found a transporter.
 19997 | Gauntlet | Found a transporter.
 20468 | Gauntlet | Killed a dire elephant
 20469 | Gauntlet | Reached skill level 13 in Short Blades
 20497 | Gauntlet | Identified the ring of the Morning {rN+ Will+ Int+4 Dex+3}
 20563 | Gauntlet | Identified the +4 shortbow of the Pyrrhic Victory {elec,
                  | Str+3 Int+4 Stlth+}
 20563 | Gauntlet | Noticed a minotaur
 20574 | Gauntlet | Identified the staff of poison "Putwel" {rPois Str+3 Int+3
                  | SInv}
 20588 | Gauntlet | Killed a minotaur
 20589 | Gauntlet | Reached skill level 5 in Spellcasting
 21254 | Orc:2    | Noticed an orc warlord
 21321 | Orc:1    | Killed an orc warlord
 21784 | Orc:2    | Paralysed by an orc sorcerer for 2 turns
 22043 | Orc:2    | Found Toceabargh's Antique Armour Shop.
 22291 | Orc:2    | Found Gupoa's General Store.
 22317 | Orc:2    | Bought a scroll of blinking for 97 gold pieces
 22335 | Orc:2    | Found Itaukil's Antique Weapon Shoppe.
 22364 | Orc:2    | Found Qofaz's Book Shoppe.
 22790 | Orc:2    | Found a runed translucent door.
 22911 | Orc:2    | Found a staircase to the Elven Halls.
 22966 | Orc:2    | Noticed DankSpanker's ghost (journeyman DsBe)
 22973 | Orc:2    | Killed DankSpanker's ghost
 22974 | Orc:2    | Reached XP level 14. HP: 63/94 MP: 16/23
 23620 | Orc:1    | Reached skill level 14 in Short Blades
 23933 | Orc:2    | Bought a book of the Earth for 432 gold pieces
 23938 | Orc:2    | Learned a level 4 spell: Leda's Liquefaction
 23944 | Orc:2    | Learned a level 5 spell: Lee's Rapid Deconstruction
 23944 | Orc:2    | Bought a manual of Short Blades for 960 gold pieces
 23999 | Orc:2    | Bought a buckler for 112 gold pieces
 24084 | Lair:1   | Entered Level 1 of the Lair of Beasts
 24281 | Lair:1   | Reached ***** piety under Wu Jian
 24510 | Lair:1   | Reached skill level 1 in Shields
 25420 | Lair:2   | Found a staircase to the Shoals.
 25579 | Lair:2   | Identified the ring "Ceij" {Fly Str+2 Int+6 Dex+2}
 25814 | Lair:2   | Found a hole to the Spider Nest.
 26034 | Lair:2   | Reached skill level 15 in Short Blades
 27360 | Lair:3   | Reached skill level 16 in Short Blades
 27824 | Lair:3   | Found a transporter.
 27826 | Lair:3   | Found a transporter.
 27827 | Lair:3   | Noticed Fytoqad's ghost (journeyman FoEE)
 28622 | Lair:4   | Found a viscous altar of Jiyva.
 28622 | Lair:4   | Found a staircase to the Slime Pits.
 29426 | Lair:4   | Reached skill level 17 in Short Blades
 29441 | Lair:4   | Reached XP level 15. HP: 72/100 MP: 7/24
 29696 | Lair:5   | Entered Level 5 of the Lair of Beasts
 30361 | Lair:5   | Reached skill level 5 in Shields
 30793 | Lair:5   | Reached skill level 18 in Short Blades
 30800 | Lair:5   | Learned a level 6 spell: Statue Form
 31604 | Lair:5   | Reached skill level 19 in Short Blades
 31788 | Lair:5   | Identified the +3 tower shield "Zuhekon" {rC++ Int+4}
 32305 | D:12     | Killed Sonja
 32412 | D:13     | Reached skill level 1 in Hexes
 32476 | D:13     | Found a gate to the Vaults.
 33231 | D:14     | Reached skill level 20 in Short Blades
 33661 | D:15     | Found a staircase to the Depths.
 33810 | D:15     | Reached XP level 16. HP: 107/107 MP: 26/26
 33912 | D:15     | Reached skill level 21 in Short Blades
 33914 | D:15     | Reached skill level 15 in Fighting
 34161 | D:15     | Reached skill level 5 in Armour
 34164 | D:15     | Reached ****** piety under Wu Jian
 34584 | D:15     | Reached skill level 22 in Short Blades
 35119 | Elf:1    | Entered Level 1 of the Elven Halls
 35119 | Elf:1    | Noticed a deep elf sorcerer
 35119 | Elf:1    | Found Innapna's Magic Scroll Shop.
 35120 | Elf:1    | Killed a deep elf sorcerer
 35121 | Elf:1    | Noticed a deep elf sorcerer
 35417 | Orc:2    | Killed a deep elf sorcerer
 35596 | Elf:1    | Paralysed by an air elemental for 1 turns
 36001 | Elf:1    | Bought a scroll of poison for 52 gold pieces
 36001 | Elf:1    | Bought a scroll of teleportation for 39 gold pieces
 36001 | Elf:1    | Bought a scroll of teleportation for 39 gold pieces
 36109 | Elf:1    | You are sucked into a shaft and drop 1 floor!
 36141 | Elf:2    | Found a runed translucent gate.
 36141 | Elf:2    | Found a runed translucent gate.
 36141 | Elf:2    | Found a runed translucent gate.
 36256 | Elf:2    | Slain by a +3 morningstar of freezing

Illustrated notes

Levels and vault maps discovered:
D:1:      minmay_arrival_three_doors, layout_loops_ring
D:2:      minmay_spotlight, layout_loops_corners, uniq_terence, uniq_natasha
D:3:      layout_basic, uniq_grinder, uniq_ijyb
D:4:      minmay_octagon_keep, layout_basic, nicolae_ru_the_path_less_chosen,
          minmay_temple_entry_mini_moons, minivault_5,
          amcnicky_mini_rare_corridor_liquid, uniq_edmund, uniq_pikel
D:5:      gammafunk_wand_slinger, layout_basic, mainiacjoe_overflow_24_doors,
          hangedman_minor_gate_pass
D:6:      layout_basic, nicolae_overflow_crystal_walls,
          nicolae_overflow_hidden_temple, mainiacjoe_overflow_tiny_flanked,
          item_on_display_a, uniq_maggie
D:7:      layout_basic
D:8:      layout_layer_cave, minmay_bent, uniq_joseph
D:9:      layout_long_grid, worldfamousw_hep_ancestral_shrine,
          minmay_tree_intersection, nicolae_shop_unique_rings,
          small_statue_intersection
D:10:     layout_rooms, grunt_temple_overflow_forces_of_nature, zin_angel,
          mainiacjoe_overflow_paths, kennysheep_orc_sif_temple,
          zombieorc2_lemuel, dk_rats_in_the_wall
D:11:     minmay_general_purpose_star, layout_loops_ring, lair_entry_dummy
D:12:     layout_stronghold, uniq_sonja
D:13:     layout_loops_ring, ximxim_vaults_locker_room
D:14:     layout_roguey [special_room_orc]
D:15:     gammafunk_enter_depths_forms, layout_stronghold
Temple:   hellmonk_temple_of_storms
Lair:1:   layout_regular_city
Lair:2:   layout_gridlike, minmay_shoals_entry_centaurs,
          nicolae_spider_entry_non_spiders
Lair:3:   layout_gridlike, gammafunk_ghost_hive
Lair:4:   layout_regular_city, slime_entry_1
Lair:5:   gammafunk_lair_ancient_temple, layout_long_grid,
          nicolae_quartered_pool_little, infiniplex_staircase_pool_2
Orc:1:    layout_diamond_mine
Orc:2:    grunt_orc_gardens, layout_caves, grunt_orc_garden, grunt_orc_garden,
          grunt_orc_garden, grunt_orc_garden, ebering_ghost_reflecting_pool,
          gauntlet_entry_generic
Elf:1:    layout_loops_ring, portal_desolation_entry_garden, serial_shops, shop,
          nicolae_shop_temple_entry_statues_fountains,
          nicolae_shop_overgrown_old_shop, minmay_elf_sorcery,
          nicolae_elf_big_sculpture_1, st_stairs_13
Elf:2:    nicolae_elf_blades_splatter_lattice
          [nicolae_blade_entry_floor_patterns], layout_rooms, drop_trap,
          glass_columns_b

Skill      XL: |  1  2  3  4  5  6  7  8  9 10 11 12 13 14 15 16 |
---------------+-------------------------------------------------+-----
Short Blades   | 1 2 3 4 5 6 7 9 11 12 13 17 20 22 | 22.2
Fighting       | 1 2 3 4 5 7 8 9 11 12 13 14 15 | 15.0
Conjurations   | 1 2 3 |  3.0
Dodging        | 3 4 5 6 7 9 10 12 13 | 13.2
Transmutations | 2 3 4 5 6 7 |  7.0
Throwing       | 1 |  1.0
Spellcasting   | 3 4 6 7 |  7.0
Earth Magic    | 4 5 6 7 9 |  9.9
Stealth        | 3 5 6 7 |  7.0
Evocations     | 1 2 4 |  4.0
Poison Magic   | 1 |  1.0
Armour         | 1 3 4 6 |  6.0
Shields        | 4 6 |  6.0
Hexes          | 1 |  1.0

Action                     |  1- 3 |  4- 6 |  7- 9 | 10-12 | 13-15 | 16-18 || total
---------------------------+-------+-------+-------+-------+-------+-------++-------
  Melee: Dagger            |    16 |    85 |   199 |   895 |  1088 |       ||  2283
         Punch             |       |     1 |     7 |    14 |    25 |       ||    47
         Rapier            |       |       |       |       |   466 |   247 ||   713
  Throw: Boomerang         |       |       |       |    12 |       |       ||    12
         Dart              |       |       |       |       |    18 |       ||    18
   Cast: Sandblast         |    35 |    54 |    60 |     4 |       |       ||   153
         Stone Arrow       |       |       |    16 |    37 |    10 |     1 ||    64
         Passwall          |       |       |     3 |    31 |    15 |     6 ||    55
         Petrify           |       |       |     2 |    63 |   157 |    20 ||   242
         Lee's Rapid Decon |       |       |       |       |     9 |       ||     9
         Leda's Liquefacti |       |       |       |       |     3 |       ||     3
 Invoke: Serpent's Lash    |       |       |       |     9 |    20 |     4 ||    33
Ability: Lunge             |       |       |    13 |    71 |   120 |    23 ||   227
         Whirlwind         |       |       |     4 |    58 |   239 |    30 ||   331
         Wall Jump         |       |       |       |     7 |    26 |    12 ||    45
  Evoke: Wand              |       |       |     5 |     9 |     8 |       ||    22
         Lightning rod     |       |       |       |       |     9 |     2 ||    11
    Use: Scroll            |     4 |     7 |     3 |    11 |    11 |     2 ||    38
         Potion            |       |     4 |     6 |     2 |     5 |     3 ||    20
   Stab: Sleeping          |     1 |     5 |    11 |    57 |    85 |    25 ||   184
         Invisible         |       |       |     1 |       |     5 |       ||     6
         Petrifying        |       |       |     3 |    16 |    92 |    10 ||   121
         Petrified         |       |       |     1 |    26 |    30 |     2 ||    59
         Distracted        |       |       |     1 |     1 |     6 |       ||     8
         Paralysed         |       |       |       |     4 |     2 |       ||     6
 Armour: Robe              |     7 |     7 |    28 |       |       |       ||    42
         Skin              |       |       |    10 |       |     7 |       ||    17
         Steam dragon scal |       |       |     7 |    30 |       |       ||    37
         Acid dragon scale |       |       |       |   115 |   225 |    22 ||   362
  Dodge: Dodged            |    10 |    61 |   145 |   526 |   852 |   130 ||  1724
  Block: Buckler           |       |       |       |       |    83 |    41 ||   124
